[Event "Early-Titled-Tuesday-Blitz-February-06-2024"]
[Site "Chess.com"]
[Date "2024.02.06"]
[Round "1"]
[White "secrethawk1"]
[Black "mbojan"]
[Result "0-1"]
[WhiteElo "2475"]
[BlackElo "2871"]
[TimeControl "180+1"]
[EndTime "8:08:49 PST"]
[Termination "mbojan won by checkmate"]

1. d4 Nf6 2. Bf4 Nh5 3. Bc1 d5 4. Nf3 g6 5. e3 Bg7 6. Bd3 O-O 7. O-O c5 8. c3 b6 9. a4 Nc6 10.
h3 Bb7 11. Nbd2 e5 12. dxe5 Nxe5 13. Nxe5 Bxe5 14. Nf3 Bc7 15. Qc2 Re8 16. Re1 Qd6 17.
Bd2 c4 18. Be2 d4 19. cxd4 Bxf3 20. Bxf3 Qh2+ 21. Kf1 Rac8 22. e4 Nf4 23. Bxf4 Bxf4 24. Ke2 Bg5 25. e5 f6 26. Bd5+ Kg7 27. e6 Qd6 28. Qe4 Red8 29. Bb7 Rc7 30. Ba6 Qxd4 31.
Kf1 Qxe4 32. Rxe4 c3 33. bxc3 f5 34. Re2 Be7 35. Rc1 Kf6 36. c4 Rd4 37. Bb5 Rc5 38. a5 bxa5 39. Ra1 Rd6 40. Rxa5 a6 41. Rxa6 Rxa6 42. Bxa6 Ra5 43. Bb5 Bb4 44. f3 Ra1+ 45. Kf2 Bc5+ 46. Kg3 Bd6+ 47. f4 Ra3+ 48. Kf2 Bc5+ 49.
Kf1 Ra1+ 50. Re1 Ra2 51. e7 Bxe7 52. Rd1 Bc5 53. Rd5 Be3 54. Rd6+ Ke7 55. Rd7+ Ke6 56. Rxh7 Bxf4 57. Rg7 Kf6 58. Rb7 Rc2 59. Rb6+ Kg5 60.
h4+ Kxh4 61. Rxg6 Be3 62. Re6 f4 63. Ke1 Kg3 64. Bc6 Rxc4 65. Bf3 Rd4 66. Ke2 Kh4 67. Rh6+ Kg5 68. Re6 Kf5 69. Re8 Rd2+ 70. Ke1 Rb2 71. Rf8+ Ke6 72. Re8+ Kd7 73. Re4 Bf2+ 74. Kf1 Bg3 75.
Re2 Rb1+ 76. Re1 Rxe1# 0-1

[Event "Early-Titled-Tuesday-Blitz-February-06-2024"]
[Site "Chess.com"]
[Date "2024.02.06"]
[Round "1"]
[White "Snegokhod"]
[Black "vaniavindy"]
[Result "1-0"]
[WhiteElo "2570"]
[BlackElo "2177"]
[TimeControl "180+1"]
[EndTime "8:08:49 PST"]
[Termination "Snegokhod won on time"]

1. b3 e5 2. Bb2 Nc6 3. g3 d5 4. Bg2 Nf6 5. e3 Bg4 6. Ne2 e4 7. d3 Bb4+ 8. Nd2 O-O 9. O-O Qd7 10. Bxf6 gxf6 11. dxe4 dxe4 12. Nxe4 Qxd1 13. Nxf6+ Kg7 14.
Rfxd1 Bxe2 15. Nd7 Bxd1 16. Nxf8 Bxc2 17. Nd7 Bf5 18.
Bxc6 bxc6 19. Ne5 Bc3 20. Rc1 Bxe5 21. Rc5 f6 22. f4 Bd6 23. Rxf5 a5 24. a4 Kg6 25. g4 Bb4 26. Kf2 Rd8 27. h4 Rd2+ 28. Kf3 Rh2 29. h5+ Kg7 30. g5 fxg5 31. Rxg5+ Kf6 32.
e4 Rh3+ 33. Kg4 Rh1 34. e5+ Kf7 35. Kf5 Be7 36. e6+ Kf8 37. Rg4 Rxh5+ 38. Ke4 Rd5 39. f5 Bf6 40. Rg2 Ke7 41. Rh2 Re5+ 42. Kf4 Re1 43.
Rxh7+ Ke8 44. Rf7 Rf1+ 45. Ke4 Re1+ 46. Kf3 Rf1+ 47. Kg4 Rg1+ 48. Kh3 Be7 49. f6 Bd6 50. Rd7 Rg3+ 51. Kh4 Rf3 52. f7+ Kf8 53. Kg4 Rf1 54. Kg5 Kg7 55. Kg4 Bf8 56. Rxc7 Re1 57. Rxc6 Re5 58.
Kf4 Kf6 59. e7+ Kxe7 60. Kxe5 Kxf7 61. Kf5 Bb4 62. Rc7+ Ke8 63. Ke6 Kd8 64. Rc6 Ba3 65. Rc4 Bb4 66. Rxb4 1-0

[Event "Early-Titled-Tuesday-Blitz-February-06-2024"]
[Site "Chess.com"]
[Date "2024.02.06"]
[Round "1"]
[White "boguszp"]
[Black "Juwen"]
[Result "0-1"]
[WhiteElo "2074"]
[BlackElo "2555"]
[TimeControl "180+1"]
[EndTime "8:08:51 PST"]
[Termination "Juwen won by checkmate"]

1. d4 Nf6 2. Bf4 d5 3. e3 c5 4. c3 Nc6 5. Nd2 e6 6. Bd3 Bd6 7. Bg3 e5 8. dxe5 Nxe5 9. Bxe5 Bxe5 10. Ngf3 Bc7 11. O-O O-O 12. e4 Re8 13. exd5 Qxd5 14. Bc4 Qh5 15. Qb3 b6 16. Rfe1 Bb7 17. h3 h6 18.
Rxe8+ Rxe8 19. Re1 Qg6 20. Rxe8+ Nxe8 21. Bd5 Bc8 22. Be4 Qe6 23. Qxe6 Bxe6 24. b3 Nf6 25. Bc6 Nd5 26. Ne4 Ne7 27. Bb7 f5 28. Ned2 Nd5 29.
Bxd5 Bxd5 30. Kf1 Kf7 31. Ke2 g5 32. Kd3 Bc6 33. Ne1 Kf6 34. f3 h5 35. Nc2 f4 36. b4 cxb4 37. Nxb4 Bb7 38. Nc4 Kf5 39. Kd4 Ke6 40. Nd2 g4 41. hxg4 hxg4 42. c4 Be5+ 43. Kd3 Bd6 44. Nc2 Bc5 45. Nd4+ Ke5 46. N4b3 Be3 47. Nf1 gxf3 48. gxf3 Bf2 49. Nfd2 a5 50.
Nc1 Be3 51. Ncb3 a4 52. Nc1 Bxd2 53. Kxd2 Bxf3 54. Nd3+ Kf5 55. Nb4 Be4 56. Nd5 Bxd5 57. cxd5 Ke5 58. d6 Kxd6 59. Kd3 Ke5 60. Ke2 Ke4 61.
Kf2 f3 62. Kf1 Kf4 63. Kf2 Ke4 64. a3 b5 65. Kf1 Ke3 66. Ke1 Kd3 67. Kf2 Kc3 68.
Kxf3 Kb3 69. Ke3 Kxa3 70. Kd2 Kb2 71. Kd3 a3 72. Kd4 a2 73. Kc5 a1=Q 74. Kxb5 Qa3 75. Kc6 Qc3+ 76. Kd5 Qb4 77. Kc6 Kc3 78. Kd5 Kd3 79. Ke5 Qd4+ 80. Kf5 Ke3 81. Ke6 Kf4 82.
Kf7 Qb6 83. Kg7 Ke5 84. Kh7 Qg1 85. Kh8 Kf6 86. Kh7 Qg7# 0-1

[Event "Early-Titled-Tuesday-Blitz-February-06-2024"]
[Site "Chess.com"]
[Date "2024.02.06"]
[Round "1"]
[White "BJthechessgod"]
[Black "ViralduS"]
[Result "0-1"]
[WhiteElo "2407"]
[BlackElo "2737"]
[TimeControl "180+1"]
[EndTime "8:08:55 PST"]
[Termination "ViralduS won on time"]

1. e4 c5 2. Nf3 Nc6 3. d4 cxd4 4. Nxd4 Nf6 5. Nc3 e5 6. Ndb5 d6 7. Nd5 Nxd5 8. exd5 Ne7 9. a4 Ng6 10. Bd2 Be7 11. Be2 O-O 12. O-O f5 13. a5 Bd7 14.
Bb4 Rf6 15. a6 b6 16. Ra3 Nf4 17. Bc4 Rh6 18. Re1 Bf8 19. h3 Qh4 20. Rg3 Nh5 21.
Rc3 Rg6 22. Kh2 Bxb5 23. Bxb5 Qxb4 24. Bc6 Qh4 25. Bxa8 Qxf2 26. Re2 Qf4+ 27. Kg1 Ng3 28. Rf2 Qa4 29. Bc6 Qxa6 30. h4 Ne4 31. Rxf5 Be7 32.
Rcf3 Nf6 33. h5 Rh6 34. g4 Nxg4 35. Rf7 Bf6 36. Rc7 e4 37. Rf4 Ne5 38. Rxe4 Rg6+ 39. hxg6 hxg6 40. Qd2 Nf3+ 41. Kf2 Nxd2 42. Re8+ Kh7 43.
Rcc8 Ne4+ 44. Rxe4 g5 45. Ree8 Kg6 46. Rg8 Qa5 47. Be8+ Kf5 48. Bd7+ Kf4 49. Rc4+ Ke5 50. Re8+ Kxd5 51. Be6+ Ke5 52. Bf7+ Kf5 53. b4 Qa3 54. Re3 Qc1 55. Be6+ Kg6 56. Bd5 Qd2+ 57. Kf3 Qxd5+ 58. Rce4 Qf5+ 59. Ke2 d5 60. Re8 Qxc2+ 61. Kf3 d4 62. R3e6 Qf5+ 63. Ke2 g4 64. Rd6 d3+ 65. Rxd3 Qb5 66.
Re3 Qxb4 67. Rg3 Kg5 68. Rge3 Qb2+ 69. Rd2 Qb5+ 70. Rdd3 Qf5 71. Ra3 a5 72. Reb3 Qc2+ 73. Ke1 a4 74. Re3 b5 0-1

[Event "Early-Titled-Tuesday-Blitz-February-06-2024"]
[Site "Chess.com"]
[Date "2024.02.06"]
[Round "1"]
[White "Paladin61"]
[Black "mkllnd1517"]
[Result "1-0"]
[WhiteElo "2679"]
[BlackElo "2366"]
[TimeControl "180+1"]
[EndTime "8:08:55 PST"]
[Termination "Paladin61 won by resignation"]

1. e4 e6 2. d4 d5 3. Bd3 dxe4 4.
Bxe4 Nf6 5. Bf3 c5 6. Ne2 Nc6 7. Be3 cxd4 8. Nxd4 Ne5 9. Nc3 Bb4 10. O-O O-O 11. Ne4 Nxf3+ 12. Qxf3 Nd5 13. c3 Be7 14. Rad1 Bd7 15. Rfe1 a6 16. c4 Nxe3 17. Qxe3 Qc7 18. b3 Rfd8 19. Qg3 Qxg3 20. hxg3 Be8 21. g4 Bb4 22.
Rf1 e5 23. Nf5 Bc6 24. Ned6 Kf8 25. f4 g6 26. fxe5 gxf5 27. Rxf5 Bxd6 28. exd6 Bd7 29. Rf4 Be6 30. Kf2 Rac8 31. Kg3 Ke8 32. Rfd4 Kd7 33.
Kf4 Rg8 34. Kf3 Rg7 35. Rh1 Rc6 36. Rhd1 Rc5 37. Rf4 Rcg5 38. Rdd4 Ra5 39. Rd2 Rag5 40.
Rdd4 b5 41. cxb5 axb5 42. a4 bxa4 43. bxa4 Rg8 44. Kg3 Rb8 45. Kh4 h6 46. Rf6 Rg6 47. Rf2 Rb3 48. Rc2 Rb7 49. a5 Ra7 50. Rc5 Rg5 51.
Rxg5 hxg5+ 52. Kxg5 Rxa5+ 53. Kf6 Ra1 54. Rf4 Kxd6 55. g5 Rg1 56. Rf2 Re1 57. g6 fxg6 58. Kxg6 Re5 59. Kf6 Rd5 60. Re2 Bd7 61. Re4 Rf5+ 62.
Kg6 Rf2 63. Rd4+ Ke7 64. g4 Be6 65. Re4 Rf6+ 66. Kg5 Kf7 67. Ra4 Bd7 68. Ra7 Rd6 69.
Ra5 Rd5+ 70. Rxd5 Be6 71. Re5 Ke7 72. Rxe6+ Kxe6 1-0

[Event "Early-Titled-Tuesday-Blitz-February-06-2024"]
[Site "Chess.com"]
[Date "2024.02.06"]
[Round "1"]
[White "ValentinDragnev"]
[Black "Juicy_Fork"]
[Result "1-0"]
[WhiteElo "2766"]
[BlackElo "2424"]
[TimeControl "180+1"]
[EndTime "8:08:56 PST"]
[Termination "ValentinDragnev won by checkmate"]

1. e4 e5 2. Nf3 Nc6 3. Bc4 Nf6 4. d3 Bc5 5. Nc3 d6 6. Na4 Bb6 7. Nxb6 axb6 8. a3 O-O 9. h3 h6 10. c3 Be6 11. Bxe6 fxe6 12. O-O Qe8 13. b4 Nh5 14. a4 Nf4 15. Bxf4 Rxf4 16. b5 Ne7 17. c4 Qg6 18.
Nd2 Raf8 19. a5 bxa5 20. Rxa5 Qf6 21. Qe2 Ng6 22. Ra7 Qg5 23. Qe3 Nh4 24. Qg3 Qh5 25.
Rxb7 R8f6 26. Qe3 Rg6 27. g3 Nf3+ 28. Kg2 Nh4+ 29. Kh2 Nf3+ 30. Nxf3 Rxf3 31. Qe2 Rgf6 32. Rxc7 Qe8 33. b6 Qb8 34. Rc6 Rf8 35. Kg2 R3f6 36. Qb2 d5 37. b7 dxe4 38. dxe4 R6f7 39. Rb6 Rc7 40. Qxe5 Rxb7 41. Qxb8 Rfxb8 42. Rxb7 Rxb7 43. Rc1 Rc7 44. c5 e5 45. f4 Kf7 46. Kf3 exf4 47.
gxf4 Ke6 48. Ke3 Rc6 49. Kd4 g6 50. Rg1 Kf6 51. Kd5 Rc8 52. c6 g5 53. fxg5+ hxg5 54. e5+ Kf5 55. Rf1+ Kg6 56. e6 Kh5 57. e7 Kh4 58. Rf3 Ra8 59. c7 Ra5+ 60. Kd6 Ra6+ 61. Kd7 g4 62. hxg4 Kxg4 63. Rd3 Ra8 64. c8=Q Rxc8 65. Kxc8 Kh5 66. e8=Q+ Kh4 67. Qe4+ Kg5 68. Rd5+ Kf6 69. Qe5+ Kf7 70. Rd7+ Kf8 71. Qh8# 1-0

[Event "Early-Titled-Tuesday-Blitz-February-06-2024"]
[Site "Chess.com"]
[Date "2024.02.06"]
[Round "1"]
[White "TigrVShlyape"]
[Black "winniethepooh04"]
[Result "1-0"]
[WhiteElo "2969"]
[BlackElo "2508"]
[TimeControl "180+1"]
[EndTime "8:08:59 PST"]
[Termination "TigrVShlyape won by resignation"]

1. e4 e6 2. d4 d5 3. Nc3 dxe4 4. Nxe4 Nd7 5. Nf3 Ngf6 6. Bd3 c5 7. O-O cxd4 8. Nxd4 Be7 9. Nxf6+ Nxf6 10. Nf3 O-O 11. Ne5 Bd7 12. Nxd7 Qxd7 13. Be2 Qc7 14. c3 Rad8 15. Qa4 a6 16. Bf3 Rd7 17. Bg5 Rfd8 18. Rad1 h6 19. Bc1 Rxd1 20. Rxd1 Rxd1+ 21. Qxd1 Nd7 22. g3 Ne5 23. Bg2 Nc6 24. Be3 Bf8 25. b3 Be7 26. Qd2 Qd8 27. Qxd8+ Bxd8 28. Kf1 Kf8 29.
Ke2 Ke8 30. f4 Kd7 31. Kd3 Be7 32. b4 Kc7 33. a3 Bf6 34. Bc1 Ne7 35. c4 Nf5 36. c5 Ne7 37. Kc4 Nc6 38. Be3 Ne7 39. a4 Nc8 40. b5 axb5+ 41. axb5 b6 42. c6 Nd6+ 43. Kb4 Be7 44. Ka4 Nc4 45. Bd4 Bf6 46. Bf2 Nd6 47. Bf1 Nf5 48. Kb4 Be7+ 49. Kc4 Nd6+ 50.
Kb3 Ne4 51. Be3 Bc5 52. Bxc5 Nxc5+ 53. Kc2 Kd6 54. Kd2 Ne4+ 55. Ke3 Nc5 56. Bc4 f6 57. h4 Na4 58. Kf3 g6 59. Bd3 f5 60. g4 Nc5 61.
Bc2 Kc7 62. Kg3 Kd6 63. h5 gxh5 64. gxf5 exf5 65. Bxf5 Na4 66. Kh4 Nc3 67. Bd3 Nd5 68. Kg3 h4+ 69. Kf3 h3 70. Kg3 h2 71. Kxh2 Nxf4 72.
Bf1 Nd5 73. Kg3 Ne3 74. Bd3 Nd5 75. Kg4 Nc7 76. Kh5 Ne6 77. Kxh6 Kc7 78. Bc4 Nc5 79. Kg5 Na4 80. Kf5 Nc5 81. Ke5 Na4 82. Kd4 Nc5 83. Kd5 Na4 84. Bb3 Nc5 85. Bc2 Kc8 86. Kd6 1-0

[Event "Early-Titled-Tuesday-Blitz-February-06-2024"]
[Site "Chess.com"]
[Date "2024.02.06"]
[Round "1"]
[White "Flawless_Fighter"]
[Black "MFatigue"]
[Result "0-1"]
[WhiteElo "2756"]
[BlackElo "2444"]
[TimeControl "180+1"]
[EndTime "8:08:59 PST"]
[Termination "MFatigue won on time"]

1. e4 e6 2. d4 d5 3. Nd2 Nf6 4. e5 Nfd7 5. Bd3 c5 6. c3 Nc6 7. Ne2 cxd4 8. cxd4 f6 9. exf6 Nxf6 10. O-O Bd6 11. Nf3 Qc7 12. Bg5 O-O 13. Qc2 h6 14. Bh4 Nh5 15. Bg6 Rxf3 16. gxf3 Bxh2+ 17. Kg2 Nf4+ 18. Nxf4 Qxf4 19. Bg3 Bxg3 20. fxg3 Qxd4 21. Rad1 Qf6 22. f4 Ne7 23. Bh5 Bd7 24. Bf3 Nf5 25. Rfe1 Bc6 26. Qf2 Nd6 27. b3 a6 28. Qd4 Qxd4 29. Rxd4 Kf7 30. Rd2 Kf6 31. Rde2 Re8 32. Kf2 Re7 33. g4 Bb5 34. Re5 Bc6 35. g5+ hxg5 36. fxg5+ Kf7 37. Kg3 g6 38. Rf1 Kg7 39. Bg4 Ne4+ 40. Kh4 Bd7 41. Rf4 Kg8 42. Be2 Nd6 43. Rf6 Nf5+ 44. Kg4 Rg7 45. Bd3 Ne7 46. Kg3 Nc6 47. Re1 e5 48. Rxg6 e4 49. Rxg7+ Kxg7 50. Be2 Kg6 51. Rd1 Be6 52.
Kf4 Bg8 53. Bg4 Nb4 54. Bf5+ Kg7 55. Ke5 Nxa2 56. Be6 Bxe6 57. Kxe6 Nc3 58. Rc1 d4 59.
Ke5 e3 60. Rh1 d3 61. Kd4 Nd1 62. Rxd1 e2 63. Rc1 d2 64. Rc7+ Kg6 65. Kc3 d1=Q 0-1

[Event "Early-Titled-Tuesday-Blitz-February-06-2024"]
[Site "Chess.com"]
[Date "2024.02.06"]
[Round "1"]
[White "AlexandraSamaganova"]
[Black "Lanshou"]
[Result "0-1"]
[WhiteElo "2388"]
[BlackElo "2708"]
[TimeControl "180+1"]
[EndTime "8:08:59 PST"]
[Termination "Lanshou won by checkmate"]

1. c4 Nf6 2. Nc3 e5 3. Nf3 Nc6 4. a3 g6 5. e3 Bg7 6. Be2 O-O 7.
O-O d5 8. cxd5 Nxd5 9. d3 Re8 10. Bd2 Be6 11. Rc1 Nxc3 12. Bxc3 a5 13. Qa4 Qd7 14. Qb5 f6 15. Rfd1 Qd5 16. d4 e4 17. Nd2 f5 18.
Qxb7 Nxd4 19. Qxd5 Nxe2+ 20. Kf1 Bxd5 21. Kxe2 c6 22. Bd4 Rab8 23. Rc2 Bxd4 24. exd4 f4 25. Rdc1 e3 26. Nf3 exf2+ 27. Kxf2 Re4 28. Rd2 a4 29. Ne5 Rb6 30. Nd7 Rb3 31. Nf6+ Kf7 32. Nxe4 Bxe4 33. Re1 Bd5 34. Rde2 Kf6 35. Rd2 g5 36.
Re8 h5 37. Rf8+ Kg6 38. Rd8 Kf5 39. Rf8+ Kg4 40. h3+ Kh4 41. Rh8 f3 42. gxf3 Rxf3+ 43. Ke1 Rxh3 44. Rf2 g4 45. Kd2 Kg3 46. Rf5 h4 47. Rfh5 Rh2+ 48. Kc3 h3 49. Rg5 Rf2 50. Rhg8 Rf4 51. Rh8 h2 52. Rgh5 Rf2 53. R5h6 Rf3+ 54. Kb4 Rb3+ 55. Kxa4 Rxb2 56. Rh5 h1=Q 57. Rxh1 Bxh1 58.
Rxh1 Kg2 59. Rh6 g3 60. Rxc6 Rd2 61. Rd6 Kf3 62. Kb5 g2 63. Rg6 Rxd4 64. a4 Rg4 65. Rf6+ Kg3 66. Rc6 g1=Q 67. a5 Qb1+ 68. Ka6 Qd3+ 69.
Kb7 Qb5+ 70. Rb6 Rg7+ 71. Kc8 Qe8# 0-1

[Event "Early-Titled-Tuesday-Blitz-February-06-2024"]
[Site "Chess.com"]
[Date "2024.02.06"]
[Round "1"]
[White "m_ezat"]
[Black "lucliasco"]
[Result "0-1"]
[WhiteElo "2477"]
[BlackElo "2872"]
[TimeControl "180+1"]
[EndTime "8:09:00 PST"]
[Termination "lucliasco won on time"]

1. d4 Nf6 2. c4 e6 3. Nc3 d5 4. cxd5 exd5 5. Bg5 c6 6. Qc2 Be7 7. e3 O-O 8. Bd3 h6 9. Bxf6 Bxf6 10. Nge2 c5 11.
O-O c4 12. Bf5 Nc6 13. Nf4 Ne7 14. Bxc8 Rxc8 15. b3 Qd7 16. Rab1 b5 17. bxc4 Rxc4 18. Qb3 a6 19. Nd3 Rfc8 20. Ne2 Qf5 21. Ng3 Qg6 22. Nc5 h5 23. h3 h4 24. Ne2 Bg5 25.
Nd3 Rc2 26. Ne5 Qe6 27. Rfe1 Nf5 28. a4 f6 29. Nf3 Kh7 30. axb5 axb5 31. Qxb5 Bxe3 32.
Qd3 Qe4 33. Qxe4 dxe4 34. Nxh4 Bxf2+ 35. Kxf2 Nxh4 36. Rbc1 Nf5 37. Rxc2 Rxc2 38. Rd1 Nd6 39. Ke3 f5 40. d5 g5 41. Nd4 Rxg2 42. Rc1 Rg3+ 43. Kf2 Rxh3 44. Rc7+ Kg8 45. Rc6 Nf7 46. Nxf5 Ne5 47. Re6 Ng4+ 48. Kg2 Ra3 49. Rxe4 Ra2+ 50. Kf3 Nf6 51. Re7 Ra3+ 52. Kf2 Nxd5 53. Rg7+ Kf8 54.
Rxg5 Ra2+ 55. Kf3 Nf6 56. Rg6 Kf7 57. Rg7+ Kf8 58. Rg6 Kf7 59. Rg7+ Ke6 60. Nd4+ Kd5 61. Ne2 Ra3+ 62. Kf2 Ne4+ 63. Kg2 Ra2 64. Kf3 Nd2+ 65. Kf2 Ne4+ 66. Kf3 Nd6 67. Rg5+ Ke6 68. Nf4+ Ke7 69. Rg7+ Ke8 70. Rg8+ Kf7 71. Rd8 Nf5 72. Rd7+ Kf6 73. Rb7 Ra3+ 74. Kf2 Nd4 75. Rb6+ Kf5 76. Ne2 Ra2 0-1

[Event "Early-Titled-Tuesday-Blitz-February-06-2024"]
[Site "Chess.com"]
[Date "2024.02.06"]
[Round "1"]
[White "MNyuyu"]
[Black "Vazabanga"]
[Result "0-1"]
[WhiteElo "2318"]
[BlackElo "2643"]
[TimeControl "180+1"]
[EndTime "8:09:01 PST"]
[Termination "Vazabanga won on time"]

1. d4 Nf6 2. Nf3 e6 3. Bg5 h6 4. Bh4 d6 5. e3 Nbd7 6. Nbd2 g6 7. Bc4 Bg7 8. Qe2 d5 9. Bd3 O-O 10. O-O c5 11. c3 Qc7 12. Bg3 Qb6 13. Rab1 Re8 14. Ne5 Nxe5 15. Bxe5 Bd7 16. f4 a6 17. Nf3 Bb5 18. Bxf6 Bxf6 19. Ne5 Bxd3 20. Qxd3 Qc7 21. Rf3 Bg7 22. Rg3 b5 23. Rf1 b4 24. h4 bxc3 25. bxc3 cxd4 26. cxd4 h5 27. Rff3 Rec8 28. Nxg6 fxg6 29. Rxg6 Qc2 30. Qxc2 Rxc2 31. Rfg3 Ra7 32. Rxe6 Rxa2 33. f5 Kf7 34. Reg6 Bf8 35. f6 Ke6 36. Rg7 Rf7 37. Rxf7 Kxf7 38. Rg5 Bh6 39. Rxd5 Bxe3+ 40. Kf1 Rf2+ 41. Ke1 Rxg2 42. Rxh5 Bxd4 43. Kd1 Ra2 44. Rd5 Bxf6 45. h5 a5 46. h6 a4 47. h7 Rh2 48.
Ra5 Rh4 49. Ra7+ Kg6 50. Kc2 Bg7 51. Kb1 Kxh7 52. Ka2 Kg8 53. Ra8+ Bf8 54. Ra7 Rh2+ 55. Ka1 a3 56. Ra6 Rf2 57. Ra8 Kf7 58. Ra7+ Be7 59. Ra6 Ke8 60. Ra4 Kd7 61. Ra7+ Ke6 62. Ra6+ Bd6 63.
Ra4 Kd5 64. Ra5+ Bc5 65. Ra4 Re2 66. Ra5 Kc4 67. Ra8 Bd4+ 68. Kb1 Rb2+ 69. Kc1 Kb3 70.
Rb8+ Ka2 71. Ra8 Be3+ 72. Kd1 Rd2+ 73. Ke1 Rd7 74. Rb8 Bd2+ 75. Ke2 Ka1 0-1

[Event "Early-Titled-Tuesday-Blitz-February-06-2024"]
[Site "Chess.com"]
[Date "2024.02.06"]
[Round "1"]
[White "KuzubovYuriy"]
[Black "koncheto"]
[Result "1/2-1/2"]
[WhiteElo "2915"]
[BlackElo "2507"]
[TimeControl "180+1"]
[EndTime "8:09:05 PST"]
[Termination "Game drawn by stalemate"]

1. d4 Nf6 2. Nf3 e6 3. c4 c5 4. e3 cxd4 5. exd4 d5 6. Nc3 Nc6 7.
cxd5 Nxd5 8. Bd3 Be7 9. O-O O-O 10. a3 Bf6 11. Be4 Nxc3 12. bxc3 Bd7 13. h4 Rc8 14. Bg5 h6 15. Bf4 Bxh4 16. Bc2 Bg5 17. Nxg5 hxg5 18. Qh5 g6 19. Bxg6 fxg6 20. Qxg6+ Kh8 21. Bxg5 Ne7 22.
Bf6+ Rxf6 23. Qxf6+ Kg8 24. Qg5+ Kf7 25. Qh5+ Kg7 26.
Rfe1 Nf5 27. Re4 Qf6 28. Rf4 Rh8 29. Qg4+ Kf7 30. Re1 Qh6 31. f3 Rg8 32. Ree4 Rxg4 33. fxg4 Bc6 34. gxf5 Bxe4 35. fxe6+ Kxe6 36. Rxe4+ Kd5 37.
Re7 Qc1+ 38. Kh2 Qf4+ 39. Kg1 Qc1+ 40. Kh2 Qxc3 41. Rxb7 a5 42. Rb5+ Kxd4 43. a4 Qc4 44. Rh5 Qc7+ 45. g3 Qg7 46. Rh4+ Kc3 47. Rf4 Kb3 48.
Kg2 Qe5 49. Kf2 Qc5+ 50. Kg2 Kc3 51. Kf3 Kd3 52. Kg2 Ke3 53. Rf3+ Ke2 54. Rf4 Qd5+ 55.
Kg1 Qg5 56. Kg2 Qh5 57. Rf2+ Ke3 58. Rf4 Qd5+ 59. Kg1 Qd1+ 60. Kg2 Ke2 61. Rf2+ Ke3 62. Rf4 Qe2+ 63. Kg1 Qe1+ 64. Kg2 Qd1 65. Kh2 Qe2+ 66. Kg1 Qh5 67. Kg2 Qd5+ 68. Kg1 Qe5 69. Kg2 Qg5 70.
Rf3+ Ke4 71. Rf4+ Ke5 72. Kf2 Qh5 73. Kg2 Qe2+ 74. Kg1 Qd2 75. Kh1 Qe2 76. Kg1 Qc2 77. Kh1 Qd2 78. Kg1 Qe2 79. Kh1 Qd2 80. Kg1 Qe3+ 81. Kg2 Qxf4 82. gxf4+ Kxf4 83. Kf2 Ke4 84.
Ke2 Kd4 85. Kd2 Kc4 86. Kc2 Kb4 87. Kb2 Kxa4 88. Ka2 Kb4 89. Ka1 a4 90. Kb1 a3 91.
Ka1 Ka4 92. Ka2 Kb4 93. Kb1 Kb3 94. Ka1 a2 1/2-1/2

[Event "Early-Titled-Tuesday-Blitz-February-06-2024"]
[Site "Chess.com"]
[Date "2024.02.06"]
[Round "1"]
[White "Makswolf200817"]
[Black "Arimin1329"]
[Result "1/2-1/2"]
[WhiteElo "2721"]
[BlackElo "2410"]
[TimeControl "180+1"]
[EndTime "8:09:06 PST"]
[Termination "Game drawn by repetition"]

1. e4 c6 2. d4 d5 3. exd5 cxd5 4. Bd3 Nc6 5. c3 Nf6 6. Nf3 Bg4 7. Bf4 e6 8. Nbd2 Bd6 9. Bxd6 Qxd6 10. h3 Bh5 11.
O-O O-O 12. Re1 a6 13. a4 Rab8 14. Bf1 Ne7 15. Qb3 Bxf3 16. Nxf3 Ne4 17. Ne5 Ng6 18. Nd3 Nf4 19. Nb4 Qe7 20. Qd1 Qg5 21. Qf3 f5 22. g3 Ng6 23. Bd3 Rf6 24. Qg2 Rbf8 25. h4 Qh6 26. f3 Nd6 27. f4 Nxf4 28. Qf3 Nxd3 29. Nxd3 Ne4 30. Nf4 g5 31. hxg5 Qxg5 32. Kg2 R8f7 33. Rh1 Rg7 34. Rh5 Qxg3+ 35. Qxg3 Rxg3+ 36. Kh2 Rg4 37. Rf1 Kg7 38. Nd3 Rh6 39. Rxh6 Kxh6 40. Rf3 Ng5 41. Rf2 Re4 42. Nf4 Kg7 43. b4 Kf6 44. b5 Re3 45. b6 Rxc3 46. Rb2 Rc4 47. Nd3 Rxd4 48. Nc5 Nf3+ 49. Kg2 Ne1+ 50. Kf1 Nd3 51. Nxd3 Rxd3 52. Rc2 Ra3 53. Rc7 Rxa4 54.
Rxb7 Rb4 55. Rb8 a5 56. Ke2 a4 57. Kd3 a3 58. Kc3 a2 59. Kxb4 a1=Q 60. b7 Qb2+ 61. Kc5 Qc3+ 62. Kb6 Qb4+ 63. Kc6 d4 64. Rg8 Qc4+ 65.
Kb6 Qb4+ 66. Kc6 Qa4+ 67. Kb6 Qb3+ 68. Kc6 Qd5+ 69. Kb6 Qd6+ 70. Kb5 Qd7+ 71. Kb6 Qd6+ 72. Kb5 Qd7+ 73. Kb6 Qd6+ 1/2-1/2

[Event "Early-Titled-Tuesday-Blitz-February-06-2024"]
[Site "Chess.com"]
[Date "2024.02.06"]
[Round "1"]
[White "wild3000"]
[Black "Alexchess1984"]
[Result "0-1"]
[WhiteElo "2367"]
[BlackElo "2678"]
[TimeControl "180+1"]
[EndTime "8:09:08 PST"]
[Termination "Alexchess1984 won by checkmate"]

1. d4 Nf6 2. Nf3 g6 3. g3 Bg7 4. Bg2 b6 5. O-O Bb7 6. c4 O-O 7. Nc3 Ne4 8. Bf4 Nxc3 9. bxc3 d6 10. Qc2 Nd7 11. a4 a5 12. h4 e5 13. Bg5 Qc8 14.
h5 Re8 15. h6 Bh8 16. Rfe1 exd4 17. cxd4 Be4 18. Qb3 Rb8 19. Rac1 Bxf3 20. Qxf3 Bxd4 21. Bh3 Ne5 22. Qg2 Qb7 23. Qxb7 Rxb7 24. Bg2 Rbb8 25.
e3 Nd3 26. Bc6 Nxe1 27. Rxe1 Re5 28. Bf4 Re7 29. Bg5 f6 30. Rd1 Be5 31. Bf4 Bxf4 32. gxf4 Kf7 33. Kg2 f5 34. Kf3 Kf6 35. Bd5 Rc8 36.
Bb7 Rd8 37. Bd5 Ree8 38. Rd2 Re7 39. Bc6 Rf8 40. Bd5 g5 41. fxg5+ Kxg5 42. Rd1 Kxh6 43.
Kf4 Kg7 44. Rg1+ Kh8 45. Rg5 Rg7 46. Rh5 Re7 47. Rh6 Rg7 48. Rh1 Rg4+ 49. Kf3 Kg7 50. Ke2 Rg6 51. Kf3 Rgf6 52. Kf4 Rg6 53. Bf3 Re8 54.
Rh5 Re5 55. Bd5 Re7 56. Kf3 Re8 57. Kf4 Rf8 58. Rh2 Re8 59. Kf3 Rf8 60. Kf4 Rg4+ 61.
Kf3 h6 62. Be6 Rg5 63. Kf4 Kg6 64. Bd5 h5 65. Bf3 Rh8 66. Rh4 Rh6 67. Bc6 Rg4+ 68. Rxg4+ hxg4 69. Bd7 Rh4 70. Bxf5+ Kf6 71. Bxg4 Rh1 72.
Bd7 Rc1 73. Bb5 Rc2 74. f3 c6 75. Bxc6 Rxc4+ 76. Be4 d5 77. Kg3 dxe4 78. Kf4 exf3+ 79. Kxf3 Rxa4 80. Ke2 Ke5 81. Kd3 Kd5 82. Kc3 Ra3+ 83. Kd2 Ke4 84. Ke2 Rxe3+ 85. Kd2 Rh3 86. Kc2 a4 87. Kb2 a3+ 88. Ka2 b5 89. Ka1 b4 90.
Kb1 b3 91. Kc1 Rh2 92. Kd1 a2 93. Ke1 a1=Q# 0-1

[Event "Early-Titled-Tuesday-Blitz-February-06-2024"]
[Site "Chess.com"]
[Date "2024.02.06"]
[Round "1"]
[White "Barmen_EV"]
[Black "Sam_ChessMood"]
[Result "1/2-1/2"]
[WhiteElo "2505"]
[BlackElo "2904"]
[TimeControl "180+1"]
[EndTime "8:09:12 PST"]
[Termination "Game drawn - insufficient material"]

1. e4 c5 2. Nf3 e6 3. c3 d5 4. exd5 exd5 5. d4 Nc6 6. Bd3 Bd6 7. h3 Nge7 8. dxc5 Bxc5 9. O-O O-O 10. Nbd2 Bb6 11. Nb3 Ng6 12. Re1 Qd6 13. Be3 Bxe3 14. Rxe3 Bd7 15. Bxg6 hxg6 16. Qd2 Rad8 17. Rd1 Be6 18.
Nbd4 Nxd4 19. Nxd4 Bd7 20. Nf3 Ba4 21. Rde1 Rfe8 22.
Qd4 Rxe3 23. Rxe3 Qa6 24. Ng5 Qc4 25. Qxa7 d4 26. Re4 Be8 27. Rxd4 Rxd4 28. Qxd4 Qxa2 29. Qd8 Qa4 30. b3 Qc6 31. c4 f6 32. Nf3 Kh7 33. h4 Bf7 34. Qe7 Qe6 35. Qxe6 Bxe6 36. Nd4 Bd7 37.
g3 g5 38. hxg5 fxg5 39. Kf1 Kg6 40. Ke2 Kf6 41. Ke3 Ke5 42. Nf3+ Kf5 43. Kd4 Bc6 44. Ne5 Be8 45. b4 Ke6 46. b5 Kd6 47. c5+ Ke6 48. c6 bxc6 49. b6 Kd6 50. Nc4+ Kd7 51. Kc5 Bh5 52. Ne5+ Kc8 53. Kxc6 Be8+ 54. Kc5 Kb7 55.
Nc4 Bh5 56. Nd6+ Kb8 57. Nf5 g6 58. Ne7 Kb7 59. Nc6 Bf3 60. Ne5 Be4 61. Nc4 Bb1 62.
Kd6 Bd3 63. Na5+ Kxb6 64. Nb3 Kb5 65. Nd4+ Kc4 66. Nf3 g4 67. Ne5+ Kd4 68. Nxg4 Ke4 69. Ke6 Kf3 70. Ne5+ Kxf2 71. g4 Bf5+ 72. gxf5 gxf5 73.
Kxf5 1/2-1/2

[Event "Early-Titled-Tuesday-Blitz-February-06-2024"]
[Site "Chess.com"]
[Date "2024.02.06"]
[Round "1"]
[White "malakismayil"]
[Black "lilleper1"]
[Result "0-1"]
[WhiteElo "2499"]
[BlackElo "2919"]
[TimeControl "180+1"]
[EndTime "8:09:23 PST"]
[Termination "lilleper1 won by checkmate"]

1. e4 c5 2. Nf3 d6 3. Bb5+ Nd7 4. O-O Nf6 5. Re1 a6 6. Bf1 b6 7. d4 cxd4 8. Nxd4 Bb7 9. Nc3 e6 10. Bg5 Be7 11. Qd2 O-O 12. Rad1 Qc7 13. Nb3 b5 14. a3 Rac8 15. Bf4 Ne5 16. Bg3 Nh5 17. Be2 Nxg3 18. hxg3 Qb6 19. Qd4 Qxd4 20. Rxd4 Rc7 21. Na5 Nc6 22. Nxc6 Rxc6 23. Red1 Rd8 24. e5 d5 25. Kf1 Rdc8 26. Bd3 Bxa3 27. Nxd5 Bc5 28. Rh4 exd5 29. Bxh7+ Kf8 30. Bf5 Rd8 31. Rh8+ Ke7 32.
Rxd8 Kxd8 33. Rxd5+ Kc7 34. Rd7+ Kb6 35. Rxf7 g6 36.
Be4 Rc7 37. Rf6+ Ka5 38. Bxb7 Rxb7 39. Rxg6 Bd4 40. c3 Bxe5 41. f4 Rf7 42. Ke2 Bf6 43. g4 Ka4 44. g5 Be7 45. Rxa6+ Kb3 46. Rb6 Kxb2 47. Rxb5+ Kxc3 48. Kf3 Kc4 49. Re5 Bd6 50. Re4+ Kd5 51. g6 Rf6 52. g7 Rg6 53. g4 Rxg7 54. f5 Rh7 55. Ra4 Rh3+ 56. Kg2 Rg3+ 57. Kf2 Rb3 58.
Kg2 Ke5 59. Kf2 Bc5+ 60. Kg2 Kf6 61. Rc4 Bd6 62. Rc6 Ke7 63. f6+ Kd7 64. Ra6 Rg3+ 65.
Kf2 Rxg4 66. Kf3 Rf4+ 67. Ke3 Rxf6 68. Ra7+ Ke6 69. Ra4 Kd5 70. Rd4+ Ke5 71. Re4+ Kf5 72. Ra4 Be5 73. Kd3 Rc6 74. Rc4 Rd6+ 75. Ke2 Bf4 76. Kf3 Rd3+ 77. Ke2 Re3+ 78. Kf2 Kg4 79. Ra4 Rd3 80. Ke2 Rd2+ 81. Ke1 Rb2 82. Ra3 Kf5 83.
Ra4 Be3 84. Kd1 Ke5 85. Ke1 Bd4 86. Kd1 Ke4 87. Kc1 Rh2 88. Kd1 Kd3 89. Ra7 Rh1# 0-1